 Dungeon Crawl Stone Soup version 0.32-a0-163-g159c032296 (webtiles) character file.

Game seed: 17785021940656279562

791 PriceMaster the Conjurer (level 7, -2/43 HPs)
             Began as an Octopode Conjurer on Feb 11, 2024.
             Killed by an exploding butterfly (19 damage)
             ... ignited by their inner flame
             ... on level 4 of the Dungeon.
             The game lasted 00:07:49 (3903 turns).

PriceMaster the Conjurer (Octopode Conjurer)        Turns: 3903, Time: 00:07:50

Health: -2/43      AC:  3    Str: 12    XL:     7   Next: 88%
Magic:  13/13      EV: 13    Int: 22    God:
Gold:   315        SH:  0    Dex: 11    Spells: 2/15 levels left

rFire   . . .        i - +0 hand axe (elec)
rCold   . . .        (no shield)
rNeg    . . .        q - +2 hat
rPois   .            b - amulet of magic regeneration
rElec   .            d - +6 ring of strength
rCorr   .            o - ring of wizardry
SInv    .            (no ring)
Will    .....        (no ring)
Stlth   +++          (no ring)
HPRegen 0.27/turn    (no ring)
MPRegen 0.53/turn    (no ring)
                     (no ring)

%: wizardry (x1)
@: about to teleport, weak-willed
A: almost no armour, amphibious, 8 rings, camouflage 1, gelatinous body 1,
(nimble swimmer 1), tentacles
a: no special abilities


You were on level 4 of the Dungeon.
You visited 1 branch of the dungeon, and saw 4 of its levels.
You also visited: Ossuary.

You collected 315 gold pieces.

Inventory:

Hand Weapons
 c - a +0 mace of protection
 i - a +0 hand axe of electrocution (weapon)
Armour
 q - a +2 hat (worn)
Jewellery
 b - an amulet of magic regeneration (around mantle)
 d - a +6 ring of strength (left tentacle)
 o - a ring of wizardry (right tentacle)
Wands
 x - a wand of flame (6)
 y - a wand of polymorph (9)
Scrolls
 h - 2 scrolls of amnesia
 p - a scroll of vulnerability
 s - 2 scrolls of teleportation
 w - 2 scrolls of fear {unknown}
Potions
 a - a potion of magic
 e - 2 potions of ambrosia
 f - 4 potions of invisibility
 j - 4 potions of curing {unknown}
 l - 2 potions of attraction {unknown}
 r - a potion of might {unknown}
 u - 2 potions of degeneration {unknown}
 z - a potion of haste {unknown}


   Skills:
 + Level 1.4 Fighting
 + Level 2.2 Axes
 + Level 3.3 Dodging
 + Level 4.4 Stealth
 + Level 4.5 Spellcasting
 + Level 6.6 Conjurations


You had 2 spell levels left.
You knew the following spells:

 Your Spells              Type           Power      Damage    Failure   Level
a - Magic Dart            Conj           100%       1d8       1%          1
b - Searing Ray           Conj           68%        2d6       1%          2
c - Dazzling Flash        Conj/Hex       38%        N/A       3%          3
d - Stone Arrow           Conj/Erth      38%        3d9       3%          3
e - Iskenderun's Mystic   Conj/Tloc      19%        2d6       11%         4

Your spell library contained the following spells:

 Spells                   Type           Power      Damage    Failure   Level
 Summon Small Mammal      Summ           16%        N/A       4%          1
 Call Imp                 Summ           8%         N/A       6%          2
 Sublimation of Blood     Necr           4%         N/A       6%          2
 Mephitic Cloud           Conj/Alch/Air  14%        N/A       5%          3
 Fulminant Prism          Conj/Alch      9%         3d7       11%         4
 Call Canine Familiar     Summ           4%         N/A       13%         3
 Summon Blazeheart Golem  Fire/Summ      4%         N/A       38%         4
 Curse of Agony           Necr           4%         N/A       71%         5
 Silence                  Hex/Air        2%         N/A       71%         5
 Summon Hydra             Summ           2%         N/A       100%        7
 Lehudib's Crystal Spear  Conj/Erth      9%         10d4      100%        8
 Animate Armour           Summ/Erth      Unusable   N/A       N/A         4

Dungeon Overview and Level Annotations

Branches:
Dungeon (4/15)            Ossuary (visited)
 Temple: D:4-7

Altars:
Fedhas
Hepliaklqana
Wu Jian


Innate Abilities, Weirdness & Mutations

You cannot wear most types of armour.
You are amphibious.
You can wear up to eight rings at the same time.
Your skin changes colour to match your surroundings (Stealth+).
Your rubbery body absorbs attacks. (AC +1, EV +1)
((You are camouflaged when in or above water. (Stealth+)))
You have tentacles for arms and can constrict up to eight enemies at once.


Message History

It was a scroll of vulnerability.
As you read the scroll labelled JAATEI KUDAU, it crumbles to dust.
You feel strangely unstable.
It was a scroll of teleportation.
As you read the scroll labelled DAODGH NO JOYZ, it crumbles to dust.
The creatures around you are filled with an inner flame!
It was a scroll of immolation.
The air fills with toxic fumes!
As you read the scroll labelled YNWUNWE DIFRUM, it crumbles to dust.
It was a scroll of poison.
Your butterfly is poisoned.
Your butterfly is engulfed in poison gas.
Your butterfly is poisoned.
Your butterfly disappears in a burst of colours!
Your butterfly explodes!
The fiery explosion engulfs your butterfly!!
Your butterfly disappears in a burst of colours!
The fiery explosion engulfs your butterfly!
Your butterfly disappears in a burst of colours!
The fiery explosion engulfs your butterfly!!
Your butterfly disappears in a burst of colours!
The fiery explosion engulfs your butterfly!
Your butterfly disappears in a burst of colours!
The fiery explosion engulfs your butterfly!!
Your butterfly disappears in a burst of colours!
The fiery explosion engulfs your butterfly!
Your butterfly disappears in a burst of colours!
Your butterfly explodes!
The fiery explosion engulfs your butterfly!!
Your butterfly disappears in a burst of colours!
The fiery explosion engulfs you!!
Ouch! That really hurt!
The fiery explosion engulfs your butterfly!
Your butterfly disappears in a burst of colours!
The fiery explosion engulfs your butterfly!
Your butterfly disappears in a burst of colours!
The fiery explosion engulfs your butterfly!!
Your butterfly disappears in a burst of colours!
Your butterfly explodes!
The fiery explosion engulfs you!!
You die...

#.............####### #.#
#######################.# #
################.# #
################.#######
#§§§§§b§b§§§####.#......
#§§§§b§..bbb####'#'##### #
#§§.§bbb.bbb§§§......... #
#§§§...§bbbb§§§......... ##
#.b..§§@bbb.b§§.........
.#########§§b§§§§§b.§####'#+####.
........##§§§§§§b§..b####.#.# #.
........##§§§bb§b.b.§####.#.# #.
........#################.#.# #.
........#################.#.####.
...<.÷..#################'#......
........####...................##
.........###...................#


There were no monsters in sight!

Vanquished Creatures
  An ogre (D:4)
  A scorpion (D:4)
  A wight (Ossuary)
  A jelly (D:4)
  4 centaur zombies (Ossuary)
  2 bullfrog zombies (Ossuary)
  A human zombie (Ossuary)
  A bombardier beetle (D:4)
  A sleepcap (D:4)
  Jessica (D:3)
  An orc wizard (D:4)
  Natasha (thrice) (D:3)
  Robin (D:3)
  5 adders
  4 adder zombies (Ossuary)
  3 ribbon worms
  3 orcs (D:4)
  4 endoplasms
  2 giant cockroaches (D:1)
  7 gnoll zombies (Ossuary)
  11 goblins
  13 hobgoblins
  3 jackals (D:4)
  3 ball pythons
  3 bats
  3 goblin zombies (Ossuary)
  3 hobgoblin zombies (Ossuary)
  5 kobolds
  2 orc zombies (Ossuary)
  6 rats
99 creatures vanquished.

Notes
Turn   | Place    | Note
-------+----------+-------------------------------------------
     0 | D:1      | PriceMaster the Octopode Conjurer began the quest for the
                  | Orb.
     0 | D:1      | Reached XP level 1. HP: 11/11 MP: 3/3
   224 | D:1      | Reached XP level 2. HP: 17/17 MP: 3/5
   256 | D:1      | Learned a level 2 spell: Searing Ray
   737 | D:2      | Reached XP level 3. HP: 21/21 MP: 1/6
   806 | D:2      | Learned a level 3 spell: Dazzling Flash
  1191 | D:2      | Reached XP level 4. HP: 27/27 MP: 1/7
  1192 | D:2      | Reached skill level 5 in Conjurations
  1421 | D:3      | Noticed Robin
  1439 | D:3      | Killed Robin
  1668 | D:3      | Noticed Natasha
  1673 | D:3      | Killed Natasha
  1726 | D:3      | Reached XP level 5. HP: 31/31 MP: 6/8
  1731 | D:3      | Found a blossoming altar of Fedhas.
  1777 | D:3      | Found a hazy altar of Hepliaklqana.
  1783 | D:3      | Noticed Natasha
  1787 | D:3      | Killed Natasha
  1788 | D:3      | Reached skill level 1 in Axes
  1813 | D:3      | Noticed Jessica
  1815 | D:3      | Killed Jessica
  1816 | D:3      | Noticed Natasha
  1821 | D:3      | Killed Natasha
  2070 | D:4      | Reached XP level 6. HP: 24/37 MP: 2/10
  2121 | D:4      | Found a sand-covered staircase.
  2151 | Ossuary  | Entered an ossuary
  2765 | Ossuary  | Upgraded the game from 0.32-a0-136-gc02482bde3 to
                  | 0.32-a0-163-g159c032296
  2788 | Ossuary  | Reached skill level 1 in Fighting
  2788 | Ossuary  | Reached skill level 6 in Conjurations
  2788 | Ossuary  | Reached XP level 7. HP: 39/43 MP: 10/12
  2856 | Ossuary  | Noticed a silent spectre
  3734 | D:4      | Found an ornate altar of the Wu Jian Council.
  3891 | D:4      | Learned a level 3 spell: Stone Arrow
  3896 | D:4      | Learned a level 4 spell: Iskenderun's Mystic Blast
  3903 | D:4      | Killed by an exploding butterfly... ignited by their inner
                  | flame

Illustrated notes

Levels and vault maps discovered:
D:1:      minmay_arrival_open_corners, layout_rooms
D:2:      layout_loops_ring, st_stairs_12, nrook_uturn
D:3:      layout_rooms, fedhas_altar_fruit_tree, lemuel_round_altar,
          kennysheep_generic_room_2, uniq_robin, uniq_jessica, uniq_natasha
D:4:      layout_basic, nicolae_wu_jian_wuxing_cycle, nicolae_ossuary_entry_plus

Skill      XL: |  1  2  3  4  5  6  7 |
---------------+----------------------+-----
Stealth        | 3 4 |  4.4
Conjurations   | 5 6 |  6.6
Axes           | 1 2 |  2.2
Spellcasting   | 3 4 |  4.5
Fighting       | 1 |  1.4
Dodging        | 3 |  3.3

Action                     |  1- 3 |  4- 6 |  7- 9 || total
---------------------------+-------+-------+-------++-------
  Melee: Mace              |     3 |       |       ||     3
         Hand axe          |    10 |    27 |    14 ||    51
         Constrict         |     2 |     9 |     1 ||    12
         Tentacles         |     1 |     8 |       ||     9
         Punch             |       |     1 |       ||     1
   Cast: Magic Dart        |    41 |    88 |    42 ||   171
         Searing Ray       |     2 |    17 |    11 ||    30
         Dazzling Flash    |     1 |     1 |     6 ||     8
    Use: Scroll            |       |       |    11 ||    11
   Stab: Sleeping          |     1 |       |       ||     1
 Armour: Skin              |     6 |    33 |    10 ||    49
  Dodge: Dodged            |     7 |    35 |    18 ||    60

Table legend: (Time is in decaauts)
 A = Elapsed time spent in this place.
 B = Non-inter-level travel time spent in this place.
 C = Inter-level travel time spent in this place.
 D = Time resting spent in this place.
 E = Time spent auto-exploring this place.
 F = Levels seen in this place.
 G = Mean time per level.
                   A        B        C        D        E       F      G
               +--------+--------+--------+--------+--------+-----+--------+
         Total |   3912 |   3817 |     95 |    738 |   2452 |   5 |  782.4 |
       Dungeon |   3164 |   3069 |     95 |    325 |   2337 |   4 |  791.0 |
       Ossuary |    748 |    748 |      0 |    413 |    115 |   1 |  748.0 |
               +--------+--------+--------+--------+--------+-----+--------+

Top non-repeatable levels by time:
     D:4: 1125 daAuts
 Ossuary: 748 daAuts
     D:2: 744 daAuts
     D:1: 671 daAuts
     D:3: 622 daAuts
